 Dungeon Crawl Stone Soup version 0.14-a0-2432-g6b3afca (webtiles) character file.

3949 Kae the Markscentaur (level 9, 0/70 HPs)
             Began as a Centaur Hunter on Feb 4, 2014.
             Was a Believer of Okawaru.
             Succumbed to a scorpion's poison
             ... on Level 8 of the Dungeon.
             The game lasted 00:15:14 (7575 turns).

Kae the Markscentaur (Centaur Hunter)               Turns: 7575, Time: 00:15:15

HP   0/70        AC  6     Str 16      XL: 9   Next: 77%
MP   7/7         EV 10     Int 10      God: Okawaru [**....]
Gold 503         SH  0     Dex 13      Spells:  0 memorised,  8 levels left

rFire  . . .     SeeInvis .     b - +1 bow
rCold  . . .     Clarity  +     z - troll hide (curse) {Purgy}
rNeg   . . .     Conserve .     (no shield)
rPois  .         rCorr    .     (no helmet)
rElec  .         rRot     .     P - +1 cloak {+Inv}
SustAb . .       Spirit   .     (no gloves)
rMut   .         Warding  .     (no barding)
Saprov . . .     Stasis   .     k - cursed amulet of clarity
MR     .....                    (no ring)
                                q - +1 ring of strength

@: very poisoned, very quick, not resistant to hostile enchantments, very
unstealthy
A: hooves 3, blink 1, deformed body, herbivore 1, speed 2, fast metabolism 1,
tough skin 3
a: Blink, Heroism, Renounce Religion, Evoke Invisibility


You were on level 8 of the Dungeon.
You worshipped Okawaru.
Okawaru was pleased with you.
You were hungry.

You visited 2 branches of the dungeon, and saw 9 of its levels.
You also visited: Sewer.

You collected 503 gold pieces.

Inventory:

Hand weapons
 a - a +1,-1 short sword
 b - a +1,+1 bow (weapon)
Missiles
 c - 18 arrows (quivered)
 y - 23 arrows of flame
Armour
 d - a +1 leather armour
 z - a cursed troll hide (worn) {Purgy}
 P - a +1 cloak of darkness (worn)
Magical devices
 p - a wand of draining (1)
 L - a wand of frost (17)
Comestibles
 f - 8 bread rations
 g - 2 oranges
 j - 3 pears
 r - 4 meat rations
 u - 2 chokos
 w - 3 cheeses
 N - an apricot
 O - 2 chunks of worker ant flesh
 Q - a chunk of adder flesh
Scrolls
 e - 4 scrolls of remove curse {unknown}
 o - 2 scrolls of enchant weapon II {unknown}
 t - 3 scrolls of identify
 B - 3 scrolls of blinking {unknown}
 G - a scroll of random uselessness {unknown}
 I - a scroll of enchant armour
 M - a scroll of fog {unknown}
Jewellery
 k - a cursed amulet of clarity (around neck)
 q - a +1 ring of strength (left hand)
 C - an uncursed ring of ice {unknown}
 F - an uncursed ring of flight {unknown}
Potions
 h - 2 potions of flight {unknown}
 i - a potion of porridge
 l - 2 potions of confusion
 m - a potion of agility {unknown}
 n - 2 potions of brilliance {unknown}
 s - 4 potions of speed
 v - 2 potions of paralysis {unknown}
 x - a potion of restore abilities
 A - 3 potions of curing
 D - a potion of degeneration {unknown}
 H - 2 potions of berserk rage {unknown}
 J - 2 potions of heal wounds {unknown}
 K - a potion of might {unknown}
Books
 E - a book of Summonings

   Spells                             Type                      Level
   Abjuration                         Summoning                    3
   Recall                             Summoning/Translocation      3
   Summon Elemental                   Summoning                    4
   Shadow Creatures                   Summoning                    5
   Summon Demon                       Summoning                    5
   Summon Ugly Thing                  Summoning                    6


   Skills:
 + Level 3.2 Fighting
 + Level 16.3 Bows
 + Level 1.9 Armour
 + Level 2.6 Dodging
 - Level 0.5 Stealth


You had 8 spell levels left.
You didn't know any spells.

Dungeon Overview and Level Annotations

Branches:
Dungeon (8/16)             Temple (1/1) D:6
   Lair: D:8-11

Altars:
Ashenzari
Cheibriados
Dithmengos
Elyvilon
Fedhas
Kikubaaqudgha
Makhleb
Nemelex Xobeh
Okawaru
Sif Muna
Trog
Vehumet
Xom
Yredelemnul
Zin
The Shining One
Lugonu

Shops:
D:5 :


Innate Abilities, Weirdness & Mutations

You have hooves in place of feet.
Armour fits poorly on your strangely shaped body.
You digest meat inefficiently.
You cover ground very quickly.
You have a fast metabolism.
You have extremely tough skin (AC +3).
You can translocate small distances at will.


Message History

You stop butchering the corpse.
* * * LOW HITPOINT WARNING * * *
You feel sick.
Butcher an adder corpse? [(y)es/(c)hop/(n)o/(a)ll/(q)uit/?]
You finish butchering the adder corpse.
Q - a chunk of adder flesh You see here a scorpion corpse.
Butcher a scorpion corpse? [(y)es/(c)hop/(n)o/(a)ll/(q)uit/?]
You stop butchering the corpse.
* * * LOW HITPOINT WARNING * * *
You feel very sick.
You stop butchering the corpse.
* * * LOW HITPOINT WARNING * * *
You feel very sick.
You stop butchering the corpse.
* * * LOW HITPOINT WARNING * * *
You feel sick.
You finish butchering the scorpion corpse.
You see here 2 chunks of scorpion flesh.
You die...

#...# #...# ##.## #.#
#.# #.# #.# .
#...#########.##.....
.....(..@..)..........
#...#########.####.##
#.# #.# #.# #.# #.#
..# #


There were no monsters in sight!

Vanquished Creatures
  The ghost of Herrn the Skirmisher, an experienced DjFi of Okawaru (D:7)
  A spriggan (D:7)
  6 humans (D:7)
  Menkaure (D:6)
  Purgy (Sewer)
  A sky beast (D:6)
  An ice beast (D:8)
  3 black bears (D:6)
  A phantom (D:8)
  Blork the orc (D:7)
  A giant frog (D:6)
  2 crimson imps (D:5)
  A jelly (D:5)
  3 orc priests
  Crazy Yiuf (D:7)
  A centaur zombie (D:8)
  7 orc wizards
  2 hounds
  2 iguanas
  4 worker ants
  2 scorpions
  2 sheep (D:7)
  A sky beast zombie (D:5)
  Ijyb (D:7)
  Jessica (D:7)
  A hound zombie (D:7)
  4 gnolls (D:7)
  5 adders
  3 green rats (D:6)
  A giant mite (D:3)
  A scorpion zombie (D:6)
  3 grey rats
  4 giant geckos
  3 oozes (D:1)
  19 orcs
  2 ball pythons
  2 bat skeletons
  8 giant cockroaches
  15 hobgoblins
  11 jackals
  3 quokkas
  14 bats
  4 giant newts
  12 goblins
  3 hobgoblin skeletons
  A hobgoblin zombie (D:4)
  A jackal skeleton (D:6)
  15 kobolds
  2 quokka zombies (D:5)
  37 rats
  A rat skeleton (D:4)
  A rat zombie (D:6)
224 creatures vanquished.

Vanquished Creatures (others)
  A bat (D:5)
1 creature vanquished.

Grand Total: 225 creatures vanquished

Notes
Turn   | Place    | Note
--------------------------------------------------------------
     0 | D:1      | Kae, the Centaur Hunter, began the quest for the Orb.
     0 | D:1      | Reached XP level 1. HP: 16/16 MP: 1/1
   373 | D:1      | Reached XP level 2. HP: 14/23 MP: 2/2
   396 | D:1      | Reached skill level 6 in Bows
   808 | D:1      | Reached XP level 3. HP: 28/28 MP: 3/3
  1280 | D:2      | Reached skill level 7 in Bows
  1775 | D:3      | Reached XP level 4. HP: 21/35 MP: 3/3
  1810 | D:3      | Found a shattered altar of Ashenzari.
  1966 | D:3      | Found a glowing drain.
  1994 | D:3      | Gained mutation: You can translocate small distances at will. [potion of beneficial mutation]
  2153 | Sewer    | Entered a sewer
  2162 | Sewer    | Reached skill level 8 in Bows
  2288 | Sewer    | Noticed Purgy
  2298 | Sewer    | Killed Purgy
  2298 | Sewer    | Reached skill level 9 in Bows
  2298 | Sewer    | Reached XP level 5. HP: 38/40 MP: 4/4
  3149 | D:4      | Found a shadowy altar of Dithmengos.
  3211 | D:4      | Found a basalt altar of Yredelemnul.
  3215 | D:4      | Found a glowing silver altar of Zin.
  3287 | D:4      | Reached XP level 6. HP: 43/47 MP: 5/5
  3518 | D:4      | Reached skill level 10 in Bows
  3682 | D:4      | Found a bloodstained altar of Trog.
  4050 | D:5      | Entered Level 5 of the Dungeon
  4129 | D:5      | Found Theos' Book Shop.
  4156 | D:5      | Found a sparkling altar of Nemelex Xobeh.
  4180 | D:5      | Found a white marble altar of Elyvilon.
  4256 | D:5      | Found a deep blue altar of Sif Muna.
  4256 | D:5      | Found a snail-covered altar of Cheibriados.
  4258 | D:5      | Found a blossoming altar of Fedhas.
  4518 | D:5      | Reached XP level 7. HP: 50/52 MP: 5/5
  4550 | D:5      | Reached skill level 11 in Bows
  5104 | D:6      | Noticed Menkaure
  5203 | D:6      | Found a bloodstained altar of Trog.
  5215 | D:6      | Reached skill level 12 in Bows
  5465 | D:6      | Killed Menkaure
  5465 | D:6      | Reached skill level 13 in Bows
  5465 | D:6      | Reached XP level 8. HP: 59/59 MP: 6/6
  5520 | D:6      | Found a staircase to the Ecumenical Temple.
  5549 | Temple   | Entered the Ecumenical Temple
  5597 | Temple   | Became a worshipper of Warmaster Okawaru
  6086 | D:7      | Noticed Blork the orc
  6149 | D:7      | Killed Blork the orc
  6287 | D:7      | Noticed Jessica
  6291 | D:7      | Killed Jessica
  6291 | D:7      | Reached skill level 14 in Bows
  6312 | D:7      | Acquired Okawaru's first power
  6312 | D:7      | Reached skill level 15 in Bows
  6319 | D:7      | Reached XP level 9. HP: 21/64 MP: 4/7
  6719 | D:7      | Reached skill level 16 in Bows
  6800 | D:7      | Noticed a spriggan baker
  6806 | D:7      | Killed a spriggan baker
  6953 | D:7      | Noticed Herrn's ghost (experienced DjFi)
  7053 | D:7      | Killed Herrn's ghost
  7053 | D:7      | Reached skill level 1 in Armour
  7197 | D:7      | Noticed Ijyb
  7204 | D:7      | Killed Ijyb
  7315 | D:7      | Noticed Crazy Yiuf
  7324 | D:7      | Killed Crazy Yiuf
  7573 | D:8      | HP: 3/70 [poisoned by a scorpion]
  7575 | D:8      | Succumbed to a scorpion's poison

Action                   |  1- 3 |  4- 6 |  7- 9 || total
-------------------------+-------+-------+-------++-------
Melee: Short sword       |   112 |   197 |   176 ||   485
       Bow               |       |       |     1 ||     1
 Fire: Bow               |    38 |    74 |   195 ||   307
Invok: Heroism           |       |       |     1 ||     1
Evoke: Wand              |       |     1 |       ||     1
  Use: Scroll            |       |     8 |       ||     8
       Potion            |       |     3 |       ||     3
